 Dungeon Sprint DCSS version 0.21-a0-221-gfe971b9 (webtiles) character file.

1675 potatolord6000 the Covert (level 8, -2/44 HPs)
             Began as a Spriggan Assassin on Aug 25, 2017.
             Was a High Priest of Qazlal.
             Slain by an ice devil (8 damage)
             ... in the Dungeon (Sprint VII: "The Pits").
             The game lasted 00:06:04 (948 turns).

potatolord6000 the Covert (Spriggan Assassin)        Turns: 948, Time: 00:06:05

Health: -2/44      AC:  5    Str: 10    XL:     8   Next: 70%
Magic:  20/23      EV: 31    Int: 16    God:    Qazlal [*****.]
Gold:   0          SH:  7    Dex: 23    Spells: 27/27 levels left

rFire    . . .     SeeInvis +   r - +2 scimitar of Appymin {speed, Dex+4}
rCold    . . .     Gourm    .   (shield restricted)
rNeg     . . .     Faith    .   a - +2 robe {Archmagi}
rPois    .         Spirit   .   (helmet restricted)
rElec    .         Reflect  .   d - +0 cloak
rCorr    .         Harm     .   (gloves unavailable)
MR       +....     NoTele   +   (boots unavailable)
Stlth    ++........             (no amulet)
HPRegen  0.14/turn              b - +3 ring of intelligence
MPRegen  0.18/turn              c - +3 ring of strength

@: repel missiles, very quick
A: unfitting armour, see invisible, herbivore 3, speed 3, slow metabolism 2
a: Upheaval, Elemental Force, Disaster Area, Renounce Religion


You were in the Dungeon.
You worshipped Qazlal.
Qazlal was extremely pleased with you.
You were not hungry.

You visited 1 branch

Inventory:

Hand Weapons
 r - the +2 scimitar of Appymin (weapon) {speed, Dex+4}
   (You found it in the Dungeon)

   Attacks with this weapon are significantly faster.
   It affects your dexterity (+4).
Armour
 a - a +2 robe of the Archmagi (worn)
 d - a +0 cloak (worn)
Jewellery
 b - a +3 ring of intelligence (left hand)
 c - a +3 ring of strength (right hand)
Scrolls
 e - 3 scrolls of remove curse
 f - 5 scrolls of amnesia
 m - a scroll of blinking
 n - a scroll of summoning
Potions
 h - 7 potions of curing
 i - 7 potions of heal wounds
 k - 4 potions of magic
 l - 2 potions of haste
 p - 3 potions of brilliance
 q - a potion of berserk rage
Comestibles
 g - 8 bread rations
 o - 40 fruits


   Skills:
 - Level 6.0 Fighting
   Level 9.3(9.4) Short Blades
 + Level 1.5(4.7) Long Blades
 - Level 2.0 Throwing
 + Level 12.0 Dodging
 + Level 13.6 Stealth
 + Level 10.0 Spellcasting
 + Level 7.0 Invocations


You had 27 spell levels left.
You didn't know any spells.

Dungeon Overview and Level Annotations

Branches:
Dungeon (1/1)

Altars:
Ashenzari
Cheibriados
Dithmenos
Elyvilon
Fedhas
Gozag
Hepliaklqana
Kikubaaqudgha
Makhleb
Nemelex Xobeh
Okawaru
Qazlal
Ru
Sif Muna
Trog
Uskayaw
Vehumet
Wu Jian
Xom
Yredelemnul
Zin
The Shining One
Beogh
Jiyva
Lugonu


Innate Abilities, Weirdness & Mutations

You are very small and have problems with some larger weapons.
You are too small for most types of armour.
You have supernaturally acute eyesight. (SInv)
You are a herbivore.
You cover ground extremely quickly.
You need consume almost no food.


Message History

Unknown command.
You closely miss the ice devil.
The ice devil is heavily wounded.
The ice devil misses you.
You riposte.
You barely miss the ice devil.
The ice devil is heavily wounded.
Unknown command.
Unknown command.
You barely miss the ice devil.
The ice devil is heavily wounded.
You block the ice devil's attack.
Unknown command.
You slash the ice devil!
The ice devil is severely wounded.
The ice devil hits you! The ice devil freezes you!!
You closely miss the ice devil.
The ice devil is severely wounded.
The ice devil hits you!
* * * LOW HITPOINT WARNING * * *
The ice devil freezes you!
You die...

......'................+
#'#####......#..#......#
..#[[##................#
..#))#####'#####''######
###))##.......##''#
..#))##.......##..#
.)#..##...(...##§§#
[##'###...<...##4§#
.....##.......##@.#
.....##.......##§.#
#######.......##.§.#
..#..###########....+
..#.############...##
..#)#.[).#..[[##..##
#.#)#.)..#..[[##..#
#.#.†))..'..))##..#
#.#'#)...#..))#


You could see an ice devil.

Vanquished Creatures
  A bog body (D)
  A redback (D)
  Menkaure (D)
  4 vampire mosquitoes (D)
  A soldier ant (D)
  Duvessa (D)
  2 sky beasts (D)
  A gnoll sergeant (D)
  Dowan (D)
  A scorpion (D)
  3 orc priests (D)
  A hound (D)
  An orc wizard (D)
  4 gnolls (D)
  A white imp (D)
  2 ufetubi (D)
  An adder skeleton (D)
  A leopard gecko (D)
  3 orcs (D)
  2 ball pythons (D)
  A giant cockroach (D)
  A hobgoblin (D)
  2 quokkas (D)
  A frilled lizard (D)
38 creatures vanquished.

Notes
Turn   | Place    | Note
-------+----------+-------------------------------------------
     0 | D        | potatolord6000 the Spriggan Assassin began the quest for the Orb.
     0 | D        | Reached XP level 1. HP: 10/10 MP: 2/2
    29 | D        | Reached skill level 6 in Stealth
    58 | D        | Found a bloodstained altar of Trog.
    58 | D        | Found a deep blue altar of Sif Muna.
    58 | D        | Found a viscous altar of Jiyva.
    58 | D        | Found a hazy altar of Hepliaklqana.
    58 | D        | Found an opulent altar of Gozag.
    59 | D        | Found a glowing golden altar of the Shining One.
    59 | D        | Found a glowing silver altar of Zin.
    59 | D        | Found a basalt altar of Yredelemnul.
    59 | D        | Found a shimmering altar of Xom.
    59 | D        | Found an ornate altar of the Wu Jian Council.
    59 | D        | Found a sacrificial altar of Ru.
    59 | D        | Found a stormy altar of Qazlal.
    59 | D        | Found an iron altar of Okawaru.
    59 | D        | Found a sparkling altar of Nemelex Xobeh.
    59 | D        | Found a burning altar of Makhleb.
    59 | D        | Found a blossoming altar of Fedhas.
    59 | D        | Found a white marble altar of Elyvilon.
    59 | D        | Found a shadowy altar of Dithmenos.
    59 | D        | Found a snail-covered altar of Cheibriados.
    61 | D        | Found a radiant altar of Vehumet.
    61 | D        | Found a corrupted altar of Lugonu.
    61 | D        | Found a roughly hewn altar of Beogh.
    62 | D        | Found a hide-covered altar of Uskayaw.
    62 | D        | Found an ancient bone altar of Kikubaaqudgha.
    62 | D        | Found a shattered altar of Ashenzari.
    66 | D        | Became a worshipper of Qazlal Stormbringer
    94 | D        | Reached skill level 1 in Spellcasting
   170 | D        | Reached * piety under Qazlal
   170 | D        | Reached XP level 2. HP: 9/15 MP: 6/6
   286 | D        | Noticed Duvessa
   288 | D        | Noticed Dowan
   292 | D        | Reached ** piety under Qazlal
   297 | D        | Killed Duvessa
   297 | D        | Reached skill level 8 in Stealth
   297 | D        | Reached XP level 3. HP: 20/20 MP: 7/10
   297 | D        | Reached XP level 4. HP: 25/25 MP: 7/11
   298 | D        | Killed Dowan
   298 | D        | Reached skill level 5 in Short Blades
   298 | D        | Reached skill level 9 in Stealth
   298 | D        | Reached skill level 5 in Spellcasting
   298 | D        | Reached XP level 5. HP: 29/29 MP: 7/13
   388 | D        | Noticed Menkaure
   393 | D        | Noticed a sky beast
   394 | D        | Reached skill level 1 in Invocations
   400 | D        | Reached *** piety under Qazlal
   420 | D        | Killed a sky beast
   420 | D        | Reached skill level 10 in Stealth
   420 | D        | Reached XP level 6. HP: 23/34 MP: 3/16
   421 | D        | Killed Menkaure
   421 | D        | Reached skill level 5 in Fighting
   426 | D        | Reached **** piety under Qazlal
   426 | D        | Reached skill level 11 in Stealth
   585 | D        | Noticed a sky beast
   601 | D        | Killed a sky beast
   604 | D        | Noticed a redback
   609 | D        | Killed a redback
   609 | D        | Reached XP level 7. HP: 39/39 MP: 17/19
   615 | D        | Reached skill level 10 in Dodging
   619 | D        | Reached ***** piety under Qazlal
   629 | D        | Reached skill level 5 in Invocations
   799 | D        | Noticed a vampire mosquito
   799 | D        | Noticed a vampire mosquito
   799 | D        | Noticed a vampire mosquito
   800 | D        | Noticed a vampire mosquito
   800 | D        | Killed a vampire mosquito
   800 | D        | Reached skill level 12 in Stealth
   800 | D        | Killed a vampire mosquito
   800 | D        | Reached XP level 8. HP: 41/44 MP: 20/22
   801 | D        | Reached skill level 13 in Stealth
   847 | D        | Got the +2 scimitar of Appymin {speed, Dex+4}
   921 | D        | Noticed an ice devil
   923 | D        | Noticed a bog body
   929 | D        | Reached ****** piety under Qazlal
   935 | D        | Killed a bog body
   935 | D        | Reached skill level 1 in Long Blades
   935 | D        | Reached skill level 10 in Spellcasting
   948 | D        | Slain by an ice devil

Vault maps used:
D:        pitsprint

Skill      XL: |  1  2  3  4  5  6  7  8 |
---------------+-------------------------+-----
Dodging        | 3 6 7 8 9 10 12 | 12.0
Stealth        | 6 8 9 10 11 12 13 | 13.6
Spellcasting   | 2 4 5 6 8 9 10 | 10.0
Fighting       | 2 3 4 5 6 |  6.0
Short Blades   | 4 5 6 7 8 9 |  9.3
Invocations    | 2 4 5 7 |  7.0
Long Blades    | 1 |  1.5
Throwing       | |  2.0

Action                   |  1- 3 |  4- 6 |  7- 9 || total
-------------------------+-------+-------+-------++-------
Melee: Dagger            |    29 |     2 |       ||    31
       Short sword       |       |    49 |    28 ||    77
       Scimitar          |       |       |    21 ||    21
Invok: Upheaval          |       |     3 |     2 ||     5
       Disaster Area     |       |       |     1 ||     1
  Use: Potion            |     3 |     6 |       ||     9
 Stab: Sleeping          |     1 |       |       ||     1
       Invisible         |     3 |     5 |       ||     8
Armor: Robe              |     3 |     3 |     1 ||     7
Dodge: Dodged            |    30 |    55 |    34 ||   119
       Deflected         |       |       |     2 ||     2
Block: Other             |     1 |     6 |     9 ||    16
       Rpst.: Scimitar   |       |       |     4 ||     4

Table legend:
 A = Spawn XP
 B = Non-spawn XP
 C = Spawn XP percentage of total XP
 D = Spawn monster count
 E = Non-spawn monster count
 F = Spawn count percentage of total count
 G = Total turns spent on level
                    A         B        C        D         E        F      G
               +---------+---------+-------+---------+---------+-------+---------
         Total |       0 |    2393 |   0.0 |       0 |      38 |   0.0 |   948
               +---------+---------+-------+---------+---------+-------+---------
             D |       0 |    2393 |   0.0 |       0 |      38 |   0.0 |   948
               +---------+---------+-------+---------+---------+-------+---------
